Map: [ESL] Alcyone

Players

Classic

  • Race: Protoss Protoss
  • Spawn Location: 1:00

ONSYDESolar (Solar) - Winner!

  • Race: Zerg Zerg
  • League: Master
  • Spawn Location: 7:00

VOD

Have the link to the VOD?

Description

Time

  • Played on: Nov. 21, 2023, 8:39 a.m.
  • Length: 9:11
Show
View Real Time Build Order
Export as new Build Order

Classic Protoss 

Build Orders: 1 Gate Expand, Mass Adepts 

Get SALT Encoding   

  12  0:00  Probe  
  13  0:13  Pylon  
  13  0:17  Probe (Chrono Boost)  
  14  0:27  Probe (Chrono Boost)  
  15  0:32  Probe (Chrono Boost)  
  16  0:40  Gateway  
  16  0:44  Probe  
  16  0:49  Assimilator  
  17  0:56  Probe  
  18  1:08  Probe  
  19  1:20  Probe  
  20  1:27  Nexus  
  20  1:32  Probe  
  21  1:41  Cybernetics Core  
  21  1:44  Probe  
  22  1:49  Assimilator  
  22  1:54  Pylon  
  22  1:57  Probe  
  23  2:12  Probe  
  23  2:14  Adept (Chrono Boost)  
  24  2:20  Twilight Council  
  26  2:24  Probe  
  26  2:29  Warp Gate  
  27  2:37  Stalker, Probe (Chrono Boost)  
  28  2:40  Probe (Chrono Boost)  
  31  2:48  Probe (Chrono Boost)  
  31  2:49  Probe (Chrono Boost)  
  33  2:53  Probe (Chrono Boost)  
  33  2:54  Probe (Chrono Boost)  
  35  3:01  Robotics Facility  
  35  3:04  Probe  
  36  3:06  Probe  
  37  3:13  Gateway  
  37  3:18  Probe x2  
  39  3:20  Gateway  
  39  3:24  Gateway  
  39  3:26  Resonating Glaives (Chrono Boost)  
  39  3:28  Adept  
  41  3:37  Pylon  
  41  3:40  Probe  
  43  3:45  Warp Prism (Chrono Boost)  
  43  3:46  Pylon  
  44  3:57  Probe x2  
  44  4:01  Assimilator  
  46  4:08  Pylon  
  46  4:09  Probe x2  
  48  4:17  Adept x3  
  48  4:18  Adept  
  56  4:42  Adept x3  
  56  4:43  Adept, Pylon  
  56  4:44  Probe x2  
  66  4:53  Immortal  
  66  4:56  Pylon  
  70  5:11  Adept  
  70  5:12  Adept x3  
  70  5:14  Nexus  
  78  5:20  Adept x2  
  78  5:21  Adept x2  
  66  5:31  Immortal (Chrono Boost)  
  62  5:45  Adept x4  
  62  5:47  Pylon  
  62  5:48  Probe  
  62  5:49  Probe  
  72  6:08  Immortal  
  72  6:10  Adept x4  
  82  6:15  Probe x2  
  84  6:20  Shield Battery  
  84  6:23  Pylon  
  84  6:29  Probe x3  
  87  6:34  Adept x4  
  95  6:42  Pylon  
  99  6:47  Immortal (Chrono Boost)  
  99  6:48  Probe  
  99  6:49  Probe x2  
  99  6:51  Forge  
  102  6:59  Adept x2  
  102  7:00  Adept x2  
  106  7:10  Gateway, Blink  
  106  7:11  Gateway  
  106  7:13  Pylon  
  106  7:20  Pylon  
  106  7:22  Adept  
  108  7:23  Adept x3  
  108  7:25  Probe x2  
  108  7:26  Probe  
  117  7:30  Photon Cannon  
  117  7:45  Pylon  
  117  7:48  Adept x4  
  121  7:55  Gateway  
  121  7:57  Gateway  
  121  8:05  Gateway, Forge  
  121  8:06  Stalker x2  
  121  8:10  Assimilator  
  125  8:15  Stalker x4  
  125  8:18  Pylon  
  133  8:27  Shield Battery  
  133  8:29  Pylon  
  133  8:31  Immortal  
  126  8:41  Stalker x6  
  93  8:51  Stalker x2  
Show
View Real Time Build Order
Export as new Build Order

ONSYDESolar Zerg - Winner!

Build Orders: Hatch First 

Get SALT Encoding   

  12  0:00  Drone  
  13  0:12  Overlord  
  13  0:16  Drone  
  14  0:31  Drone x2  
  16  0:43  Drone  
  17  0:52  Hatchery  
  17  0:56  Drone  
  17  1:00  Drone  
  18  1:11  Extractor  
  17  1:15  Spawning Pool  
  16  1:19  Drone  
  16  1:22  Drone  
  18  1:29  Drone  
  19  1:39  Drone  
  20  1:50  Overlord  
  20  2:02  Queen  
  20  2:04  Zergling x4, Queen  
  26  2:13  Drone  
  26  2:15  Drone  
  28  2:16  Metabolic Boost  
  28  2:25  Drone  
  28  2:26  Drone  
  30  2:38  Hatchery  
  30  2:39  Drone  
  30  2:45  Queen  
  30  2:50  Overlord  
  32  2:55  Drone x2  
  32  2:57  Drone  
  35  3:00  Drone  
  36  3:08  Queen  
  36  3:10  Drone  
  36  3:11  Drone  
  36  3:12  Drone  
  41  3:15  Drone  
  41  3:17  Overlord  
  43  3:20  Drone  
  43  3:21  Drone  
  44  3:35  Queen  
  44  3:36  Overlord  
  44  3:38  Drone  
  47  3:42  Zergling x4  
  47  3:45  Drone x2  
  47  3:47  Drone  
  52  3:49  Roach Warren  
  52  3:52  Drone  
  52  3:56  Drone  
  52  3:57  Drone  
  52  4:01  Zergling x8  
  58  4:03  Overlord  
  58  4:07  Zergling x2  
  59  4:11  Overlord  
  59  4:20  Extractor  
  58  4:30  Zergling x10  
  63  4:31  Overlord  
  63  4:35  Roach x6  
  75  4:40  Zergling x2  
  75  4:46  Zergling x10, Roach  
  75  4:51  Overlord  
  82  4:55  Roach  
  82  4:58  Roach x2  
  82  4:59  Overlord  
  88  5:03  Roach  
  88  5:04  Overlord  
  90  5:07  Overlord  
  90  5:08  Overlord  
  90  5:10  Drone x2  
  92  5:16  Spore Crawler  
  92  5:20  Zergling x8  
  95  5:26  Zergling x4  
  88  5:37  Spore Crawler  
  88  5:39  Spore Crawler  
  88  5:41  Drone x6  
  92  5:44  Drone  
  92  5:47  Drone x2  
  95  5:52  Roach x2  
  95  5:54  Spore Crawler  
  98  5:58  Drone  
  98  6:04  Zergling x2  
  98  6:05  Zergling x8  
  102  6:11  Lair  
  102  6:15  Ravager  
  102  6:16  Drone x3  
  102  6:18  Drone x2  
  108  6:20  Extractor  
  108  6:21  Zergling x2  
  108  6:24  Overlord  
  108  6:28  Drone x5  
  108  6:32  Roach x2  
  117  6:35  Drone  
  117  6:37  Drone  
  117  6:38  Extractor  
  118  6:40  Ravager, Roach  
  118  6:41  Roach  
  118  6:44  Overlord  
  118  6:45  Overlord  
  123  6:47  Roach  
  123  6:51  Roach x2  
  123  6:52  Zergling x2  
  123  6:54  Ravager  
  131  6:56  Zergling x4  
  131  6:58  Overlord  
  132  7:02  Zergling x6  
  132  7:08  Roach x3  
  138  7:14  Glial Reconstitution  
  138  7:15  Overlord  
  138  7:17  Roach  
  138  7:18  Overlord  
  140  7:23  Ravager  
  140  7:26  Zergling x14, Roach  
  150  7:30  Roach  
  150  7:31  Overlord  
  150  7:34  Overseer  
  151  7:39  Roach x2  
  151  7:43  Overlord  
  154  7:47  Roach  
  154  7:50  Roach x4  
  159  7:53  Roach x2  
  159  7:54  Zergling x4  
  164  8:01  Roach x3  
  164  8:02  Zergling x4  
  169  8:09  Zergling x4  
  169  8:13  Extractor, Ravager  
  169  8:15  Zergling x2  
  169  8:16  Ravager  
  169  8:18  Zergling x2  
  172  8:21  Zergling x8  
  172  8:22  Zergling x10  
  180  8:27  Overlord  
  180  8:28  Ravager  
  180  8:32  Ravager  
  180  8:33  Roach  
  183  8:39  Roach x2  
  168  8:44  Roach x2  
  160  8:48  Ravager  
  160  8:49  Roach x2  
  160  8:50  Zergling x12  
  162  9:04  Ravager  
Tags
 
Add a new tag
Caveats
  • Supply blocks, unpowered buildings, or Contaminate may cause inaccurate times.
  • Supply counts are checked every 10 seconds.